 Dungeon Crawl Stone Soup version 0.20-a0-791-gf6451d4 (webtiles) character file.

1299 Amciq the Chucker (level 8, -4/79 HPs)
             Began as a Troll Hunter on Mar 1, 2017.
             Was an Elder of Cheibriados.
             Slain by Blork the orc
             ... wielding a +0 scimitar
              (11 damage)
             ... on level 6 of the Dungeon.
             The game lasted 00:17:04 (4045 turns).

Amciq the Chucker (Troll Hunter)                    Turns: 4045, Time: 00:17:05

Health: -4/79      AC:  5    Str: 31    XL:     8   Next: 31%
Magic:  3/9        EV: 12    Int: 16    God:    Cheibriados [****..]
Gold:   239        SH:  0    Dex: 20    Spells: 7/7 levels left

rFire    + . .     SeeInvis .   x - +0 giant spiked club
rCold    . . .     Gourm    +   b - +0 robe
rNeg     . . .     Faith    .   (shield currently unavailable)
rPois    +         Spirit   .   (helmet restricted)
rElec    .         Reflect  .   (no cloak)
rCorr    .         Harm     .   (gloves unavailable)
MR       .....                  (boots unavailable)
Stlth    ++........             (no amulet)
Regen    0.7/turn               s - ring of protection from fire
MPRegen  0.2/turn               w - ring of flight

@: very slow
A: unfitting armour, claws 3, blurry vision 1, fast metabolism 3, gourmand,
poison resistance, regeneration 1, shaggy fur 1, tough skin 2
a: Bend Time, Temporal Distortion, Slouch, Renounce Religion, Evoke Flight


You were on level 6 of the Dungeon.
You worshipped Cheibriados.
Cheibriados was greatly pleased with you.
You were very full.

You visited 1 branch of the dungeon, and saw 6 of its levels.

You collected 239 gold pieces.

Inventory:

Hand Weapons
 x - a +0 giant spiked club (weapon)
Missiles
 c - 8 large rocks (quivered)
 d - 2 throwing nets
Armour
 b - a +0 robe (worn)
Jewellery
 s - a ring of protection from fire (right claw)
 w - a ring of flight (left claw)
Scrolls
 e - 2 scrolls of amnesia
 g - 2 scrolls of blinking {unknown}
 j - 2 scrolls of recharging {unknown}
 k - 2 scrolls of identify
 n - 2 scrolls of enchant weapon {unknown}
 p - 4 scrolls of teleportation {unknown}
 q - 3 scrolls of remove curse {unknown}
 u - a scroll of noise {unknown}
 v - a scroll of fog {unknown}
 y - a scroll of magic mapping {unknown}
Potions
 l - a potion of agility
 m - 3 potions of ambrosia
 o - 3 potions of flight
 t - 3 potions of curing
Comestibles
 f - 7 bread rations
 h - 3 meat rations
 i - 3 fruits
 r - 4 royal jellies


   Skills:
 + Level 4.3 Fighting
 + Level 4.0 Maces & Flails
 + Level 5.3 Throwing
 + Level 3.9 Dodging
 - Level 0.3 Stealth
 + Level 3.5 Invocations


You had 7 spell levels left.
You didn't know any spells.

Dungeon Overview and Level Annotations

Branches:
Dungeon (6/15)             Temple (0/1) D:4

Altars:
Cheibriados
Uskayaw
Yredelemnul

Annotations:
D:6 Blork the orc


Innate Abilities, Weirdness & Mutations

You are too large for most types of armour.
You have claws for hands.
Your metabolism is lightning-fast.
You like to eat raw meat.
Your natural rate of healing is unusually fast.
You are covered in fur. (AC +1)
You have very tough skin. (AC +2)
Scrolls take you a little longer to read.
Your system is resistant to poisons. (rPois)


Message History

You hear some strange, mumbled words.
A puff of frost appears from out of thin air!
The puff of frost misses you.
You hear some strange, mumbled words.
A magic dart appears from out of thin air!
The magic dart hits you!
* * * LOW HITPOINT WARNING * * *
Okay, then.
Okay, then.
A magic dart appears from out of thin air!
The magic dart hits you!
* * * LOW HITPOINT WARNING * * *
You don't have enough magic at the moment.
You closely miss something.
You hear some strange, mumbled words.
A puff of frost appears from out of thin air!
The puff of frost hits you!
* * * LOW HITPOINT WARNING * * *
Something hits you!
You die...

########.#.# ##.....+
(<.....#.#.#######....###
...###.#.#.##....'.....#
...###.#.#.##.####...#.#
.......#.#.##.# #####..#
..######.#.##.# #.#
.........# #.# ..
.######### #.######### .#
.# #...@{....# ######
#########.# .......
......)))...... #######
#######.####.## #'# ...
## ... .# ... .# .....


There were no monsters in sight!

Vanquished Creatures
  Grinder (D:2)
  A sky beast (D:5)
  An ogre (D:5)
  A centaur (D:6)
  2 scorpions
  A howler monkey (D:5)
  A crimson imp (D:5)
  2 hounds
  4 orc priests
  A jelly (D:5)
  3 orc wizards
  Jessica (D:2)
  4 worker ants
  A hound skeleton (D:5)
  A worker ant zombie (D:5)
  10 adders
  3 worms
  2 dart slugs
  3 leopard geckos
  17 orcs
  8 bats
  5 giant cockroaches
  10 goblins
  6 hobgoblins
  9 jackals
  6 quokkas
  2 ball pythons
  2 frilled lizards
  13 kobolds
  A leopard gecko zombie (D:5)
  9 rats
  A spectral orc (D:3)
132 creatures vanquished.

Notes
Turn   | Place    | Note
-------+----------+-------------------------------------------
     0 | D:1      | Amciq the Troll Hunter began the quest for the Orb.
     0 | D:1      | Reached XP level 1. HP: 19/19 MP: 0/0
   222 | D:1      | Found a snail-covered altar of Cheibriados.
   233 | D:1      | Reached XP level 2. HP: 22/28 MP: 1/1
   264 | D:1      | Became a worshipper of Cheibriados the Contemplative
   603 | D:2      | Noticed Jessica
   636 | D:1      | Reached XP level 3. HP: 17/35 MP: 2/2
   739 | D:2      | Killed Jessica
   739 | D:2      | Reached * piety under Cheibriados
   739 | D:2      | Reached skill level 1 in Maces & Flails
   739 | D:2      | Reached skill level 4 in Throwing
   739 | D:2      | Reached XP level 4. HP: 43/44 MP: 3/3
   944 | D:2      | Found a hide-covered altar of Uskayaw.
  1203 | D:2      | Reached ** piety under Cheibriados
  1221 | D:3      | Noticed Grinder
  1255 | D:2      | Reached XP level 5. HP: 38/50 MP: 4/4
  1260 | D:2      | Reached skill level 1 in Invocations
  1278 | D:3      | Paralysed by Grinder for 7 turns
  1284 | D:3      | HP: 2/50 [orc wizard/dagger (4)]
  1407 | D:2      | Paralysed by Grinder for 6 turns
  1424 | D:2      | Killed Grinder
  1424 | D:2      | Reached XP level 6. HP: 15/61 MP: 2/6
  1807 | D:3      | Found a basalt altar of Yredelemnul.
  1953 | D:3      | Reached *** piety under Cheibriados
  2410 | D:4      | Found a staircase to the Ecumenical Temple.
  2413 | D:4      | Reached XP level 7. HP: 67/67 MP: 7/7
  2672 | D:4      | Gained mutation: Scrolls take you a little longer to read. [potion of mutation]
  2672 | D:4      | Gained mutation: Your system is resistant to poisons. (rPois) [potion of mutation]
  3145 | D:5      | Entered Level 5 of the Dungeon
  3277 | D:5      | Reached skill level 5 in Throwing
  3447 | D:5      | Reached **** piety under Cheibriados
  3477 | D:5      | Reached XP level 8. HP: 72/78 MP: 9/9
  4030 | D:6      | Noticed Blork the orc
  4045 | D:6      | Slain by Blork the orc

Vault maps used:
D:1:      wheals_arrival_linesprint, cheibriados_altar_1
D:2:      eat_drink_and_be_merry_uskayaw, uniq_jessica
D:3:      yredelemnul_forgotten_temple_becter, corexii_item_surrounded_by_moat,
          uniq_grinder
D:4:      minmay_temple_entry_overgrown, kennysheep_generic_room_9
D:5:      first_bread
D:6:      st_stairs_14, uniq_eustachio, uniq_blork_the_orc

Skill      XL: |  1  2  3  4  5  6  7  8 |
---------------+-------------------------+-----
Dodging        | 2 3 |  3.9
Fighting       | 2 3 4 |  4.3
Maces & Flails | 1 2 3 4 |  4.0
Throwing       | 4 5 |  5.3
Invocations    | 1 2 3 |  3.5
Stealth        | |  0.3

Action                   |  1- 3 |  4- 6 |  7- 9 || total
-------------------------+-------+-------+-------++-------
Melee: Short sword       |    36 |       |       ||    36
       Unarmed           |    44 |   224 |   170 ||   438
       Giant spiked club |       |       |    27 ||    27
Invok: Bend Time         |       |     1 |     2 ||     3
       Temporal Distorti |       |       |     1 ||     1
       Slouch            |       |       |     1 ||     1
  Use: Potion            |     3 |     2 |     2 ||     7
       Scroll            |       |       |     5 ||     5
 Stab: Distracted        |     1 |       |       ||     1
       Sleeping          |       |     3 |     2 ||     5
  Eat: Chunk             |    10 |    12 |    11 ||    33
Armor: Robe              |    31 |    94 |    65 ||   190
Dodge: Dodged            |    53 |   159 |   121 ||   333
